Cogmind - Beta 10.2 @@@ ROGUE MODE // 2021.04.26 @ 00:11:40 // Halloween2020/ForbiddenLore Player: Andru7428 Result: Destroyed by P-80 Master with Gamma Rifle Performance ------------- Evolutions (7) 3500 Regions Visited (25) 5000 Robots Destroyed (188) 940 Value Destroyed (11720) 11720 Prototype IDs (13) 260 Alien Tech Used (0) 0 Bonus (7006) 7006 TOTAL SCORE: 28426 Bonus ------- High Alert Combat Kills 444 Follower Combat Kills 1944 Entered Garrisons 1600 Used RIF Installer 4000 Friendly Fire -982 Cogmind --------- Core Integrity 0/1300 Matter 246/300 Energy 341/600 System Corruption 12% Temperature Cool (0) Movement Core (100) Ox1 Location -3/Research Parts ------- > --- POWER (1) -------- (None) > --- PROPULSION (2) --- (None) > --- UTILITY (16) ----- Energy Well Experimental Optical Array Relay Coupler [NC] (14) Relay Coupler [C] (53) Relay Coupler [Sentry] (31) > --- WEAPON (2) ------- (None) > --- INVENTORY (4) ---- Relay Coupler [Sentry] (33) Relay Coupler [Demolisher] (29) Sensor Drone Bay (19/20) Peak State ------------ > --- POWER ------------ Micro Fission Core > --- PROPULSION ------- Armored Wheel Centrium Wheel > --- UTILITY ---------- Large Storage Unit Large Storage Unit High-capacity Storage Unit Experimental Optical Array Advanced Sensor Array Advanced Signal Interpreter Advanced Focal Shield Relay Coupler [NC] Relay Coupler [C] Relay Coupler [C] Relay Coupler [C] Relay Coupler [C] Relay Coupler [C] Relay Coupler [Sentry] Relay Coupler [Demolisher] Relay Coupler [Hunter] > --- WEAPON ----------- Coil Gun Remote Datajack > --- INVENTORY -------- Energy Well Experimental Sensor Array Stasis Canceller Antimissile System Relay Coupler [NC] Relay Coupler [ARC] Relay Coupler [Sentry] Relay Coupler [Sentry] Relay Coupler [Sentry] Relay Coupler [Sentry] Relay Coupler [Sentry] Relay Coupler [Sentry] Relay Coupler [Sentry] Relay Coupler [Demolisher] Relay Coupler [Specialist] Relay Coupler [Hunter] System Backup Module Sensor Drone Bay Coil Gun Railgun Heavy Shock Bomb Launcher Micro-nuke Launcher Stasis Beam Axe [Rating: 114] Favorites ----------- Power Heavy Ion Engine Engine Heavy Ion Engine Power Core Micro Fission Core Propulsion Armored Wheel Treads Armored Treads Leg Aluminum Leg Wheel Armored Wheel Utility Large Storage Unit Device Transmission Jammer Storage Large Storage Unit Processor Advanced Signal Interpreter Hackware Relay Coupler [Sentry] Protection Light Armor Plating Weapon Remote Datajack Energy Gun EM Pulse Gun Energy Cannon Ion Cannon Ballistic Gun Heavy Machine Gun Ballistic Cannon Improved Light Cannon Launcher Shock Bomb Launcher Special Weapon Remote Datajack Slashing Weapon Axe Build | -11 -10 -10 -9 -9 -9 -8 -8 -8 -8 -8 -7 -7 -7 -7 -6 -6 -6 -6 -5 -5 -4 -4 -4 -4 -3 ------- Run | Scr Mat Min Mat Min Exi Min Mat Gar Mat Gar Fac Gar Fac Gar Fac Was Fac Gar Fac Gar Fac Gar Fac Gar Res Slots Evolved 14 | . . . 2 . . . 2 . . . 2 . . . 2 . . . 2 . 2 . . . 2 Power . | . . . . . . . . . . . . . . . . . . . . . . . . . . Propulsion . | . . . . . . . . . . . . . . . . . . . . . . . . . . Utility 14 | . . . 2 . . . 2 . . . 2 . . . 2 . . . 2 . 2 . . . 2 Weapon . | . . . . . . . . . . . . . . . . . . . . . . . . . . Parts Attached 328 | 6 11 13 7 3 . 11 36 19 21 7 19 13 11 21 2 1 4 17 13 26 5 21 7 12 22 Power 19 | 1 1 1 1 . . . 1 1 . . 2 1 1 . . . 1 1 2 3 1 . 1 . . Engine 11 | 1 . 1 1 . . . 1 1 . . 2 1 1 . . . . . 2 . . . . . . Core 8 | . 1 . . . . . . . . . . . . . . . 1 1 . 3 1 . 1 . . Reactor . | . . . . . . . . . . . . . . . . . . . . . . . . . . Propulsion 44 | 2 2 2 . . . . 5 3 1 . 3 2 1 5 . . . 1 1 5 1 7 2 1 . Treads 14 | . . 2 . . . . 5 3 1 . 3 . . . . . . . . . . . . . . Leg 5 | 2 2 . . . . . . . . . . . . . . . . . . 1 . . . . . Wheel 25 | . . . . . . . . . . . . 2 1 5 . . . 1 1 4 1 7 2 1 . Hover . | . . . . . . . . . . . . . . . . . . . . . . . . . . Flight . | . . . . . . . . . . . . . . . . . . . . . . . . . . Utility 151 | 1 4 3 6 . . 5 21 7 15 . 14 3 3 4 2 1 1 10 7 13 1 9 2 9 10 Device 53 | . . 2 4 . . 2 11 4 8 . 7 . 3 . 1 1 1 . 3 . 1 . 2 . 3 Storage 14 | 1 4 1 . . . . 2 1 . . . . . . . . . . . 4 . . . . 1 Processor 5 | . . . . . . . 2 1 . . 1 . . . . . . . 1 . . . . . . Hackware 52 | . . . . . . . . . . . 1 3 . 4 . . . 8 3 9 . 9 . 9 6 Protection 27 | . . . 2 . . 3 6 1 7 . 5 . . . 1 . . 2 . . . . . . . Artifact . | . . . . . . . . . . . . . . . . . . . . . . . . . . Weapon 114 | 2 4 7 . 3 . 6 9 8 5 7 . 7 6 12 . . 2 5 3 5 2 5 2 2 12 Energy Gun 16 | . 2 3 . 1 . . 2 . . . . 3 2 2 . . . 1 . . . . . . . Energy Cannon 5 | . . . . . . . 1 2 1 . . . . . . . . . . . . . . . 1 Ballistic Gun 45 | 2 1 3 . 1 . 4 5 3 2 5 . 1 . 4 . . 1 1 2 2 . 1 1 2 4 Ballistic Cannon 1 | . . . . . . . . . 1 . . . . . . . . . . . . . . . . Launcher 17 | . 1 1 . 1 . 2 1 3 1 2 . . . 1 . . . 1 . 1 . 1 . . 1 Special Weapon 19 | . . . . . . . . . . . . 3 2 3 . . . 1 1 1 1 2 1 . 4 Impact Weapon . | . . . . . . . . . . . . . . . . . . . . . . . . . . Slashing Weapon 11 | . . . . . . . . . . . . . 2 2 . . 1 1 . 1 1 1 . . 2 Piercing Weapon . | . . . . . . . . . . . . . . . . . . . . . . . . . . Special Melee Weapon . | . . . . . . . . . . . . . . . . . . . . . . . . . . Unidentified Prototypes 7 | . . 2 . . . . 3 . . . . . 1 . . . 1 . . . . . . . . Parts Lost 69 | . 1 3 . . . 1 2 5 3 . 4 . . 3 . . . 6 5 5 . 7 . 4 20 Power 5 | . . . . . . . . . . . . . . . . . . 1 2 1 . . . . 1 Propulsion 16 | . . 1 . . . 1 1 . 1 . 3 . . . . . . 1 1 2 . 2 . 1 2 Utility 25 | . . . . . . . 1 4 . . 1 . . . . . . 2 1 1 . 3 . 2 10 Weapon 23 | . 1 2 . . . . . 1 2 . . . . 3 . . . 2 1 1 . 2 . 1 7 Highest Loss Streak 19 | . 1 2 . . . 1 2 2 2 . 2 . . 1 . . . 3 2 2 . 3 . 1 19 Average Slot Usage (%) 97 | . 99 97 99 100 100 99 99 95 99 100 98 99 94 98 94 100 100 94 94 95 89 89 96 96 91 Engine 5 | . 6 6 11 11 11 11 9 9 9 9 7 7 7 7 6 6 1 . 4 . . . . . . Core 2 | . 7 7 . . . . . . . . . . . . . . 4 6 . 4 5 5 5 5 3 Treads 9 | . . 7 22 22 22 22 17 18 18 18 15 5 . . . . . . . . . . . . . Leg 1 | . 28 18 . . . . . . . . . . . . . . . . . 1 . . . . . Wheel 4 | . . . . . . . . . . . . 9 9 13 13 13 13 13 11 8 5 8 10 10 8 Device 8 | . . . 8 11 11 9 20 16 16 9 16 9 7 4 6 6 10 . 2 1 5 . 5 5 3 Storage 20 | . 27 27 22 22 22 22 18 21 27 27 23 23 23 23 20 20 20 20 17 17 15 15 15 15 13 Processor 7 | . . . . . . . 8 9 9 9 9 7 7 7 6 6 6 6 6 11 10 10 10 10 8 Hackware 15 | . . . . . . . . . . . 5 20 23 25 26 26 26 30 37 34 36 38 38 39 41 Protection 3 | . . . 13 11 11 12 6 3 1 9 4 . . . 1 6 2 2 . . . . . . . Energy Gun 2 | . 8 8 11 10 11 3 . . . . . 7 3 3 . . . . . . . . . . . Energy Cannon 1 | . . . . . . . 2 8 5 . . . . . . . . . . . . . . . . Ballistic Gun 8 | . 19 19 11 11 11 17 15 8 8 14 15 3 . 2 . . 2 3 4 3 3 3 . 7 4 Special Weapon 2 | . . . . . . . . . . . . 3 5 5 6 6 6 5 4 5 5 5 5 1 2 Naked Turns . | . . . . . . . . . . . . . . . . . . . . . . . . . . Heaviest Build 101 | 10 42 42 64 64 63 64 68 83 96 92 101 94 86 86 90 90 90 89 84 94 78 78 80 81 81 Greatest Support 43 | 20 20 40 40 40 40 40 43 40 40 40 40 40 28 28 24 24 24 24 24 24 28 28 28 28 28 Greatest Overweight (x) 7 | . 2 3 1 1 1 2 3 2 2 2 2 4 3 7 3 3 3 3 3 7 3 6 3 2 2 Average Overweight (x) 2 | . . 1 1 1 1 1 1 1 2 2 2 2 2 3 3 3 3 2 2 3 2 2 2 2 1 Largest Inventory Capacity 30 | 6 16 16 16 16 16 16 16 24 24 24 24 24 24 24 24 24 24 24 24 30 24 24 24 24 24 Average Capacity 21 | 5 12 15 16 16 16 16 16 18 24 24 24 24 24 24 24 24 24 24 24 24 24 24 24 24 23 Most Carried 24 | 6 13 16 16 16 16 16 16 20 24 24 24 24 24 24 23 24 24 24 24 24 24 24 24 24 24 Average Carried 20 | 4 10 14 15 16 15 15 15 16 22 23 23 23 24 23 23 23 24 22 22 22 23 22 23 23 22 Final Capacity 24 | 6 16 16 16 16 16 16 16 24 24 24 24 24 24 24 24 24 24 24 24 24 24 24 24 24 4 Final Carried 24 | 6 12 16 16 16 16 15 16 20 24 24 23 24 24 24 23 24 24 24 22 24 24 24 23 24 3 Class Distribution -------------------- 28% | Botlord-Mutant 23% | Hauler-Mutant 23% | Mutant 12% | Bothacker-Mutant 7% | Scavenger-Mutant Dominant Class ---------------- Mutant | -10/Materials Mutant | -10/Mines Mutant | -9/Materials Mutant | -9/Mines Mutant | -9/Exiles Mutant | -8/Mines Scavenger-Mutant | -8/Materials Mutant | -8/Garrison Hauler-Mutant | -8/Materials Hauler-Mutant | -8/Garrison Hauler-Mutant | -7/Factory Bothacker-Mutant | -7/Garrison Bothacker-Mutant | -7/Factory Bothacker-Mutant | -7/Garrison Botlord-Mutant | -6/Factory Botlord-Mutant | -6/Waste Botlord-Mutant | -6/Factory Botlord-Mutant | -6/Garrison Botlord-Mutant | -5/Factory Botlord-Mutant | -5/Garrison Botlord-Mutant | -4/Factory Botlord-Mutant | -4/Garrison Botlord-Mutant | -4/Factory Scavenger-Skirmisher | -4/Garrison Botlord-Mutant | -3/Research Resources | -11 -10 -10 -9 -9 -9 -8 -8 -8 -8 -8 -7 -7 -7 -7 -6 -6 -6 -6 -5 -5 -4 -4 -4 -4 -3 ----------- Run | Scr Mat Min Mat Min Exi Min Mat Gar Mat Gar Fac Gar Fac Gar Fac Was Fac Gar Fac Gar Fac Gar Fac Gar Res Matter Collected 7450 | 191 301 138 144 . . 186 1036 357 471 347 433 382 124 369 . . . 605 260 664 31 455 162 473 321 Remotely . | . . . . . . . . . . . . . . . . . . . . . . . . . . Salvage Created 8784 | . 462 213 135 . . 158 1430 484 808 658 572 777 101 474 . . . 557 172 848 . 330 121 330 154 Parts 418 | . 35 15 8 . . 10 67 31 41 38 36 32 6 15 . . . 10 10 20 . 9 8 14 13 Haulers Intercepted 8 | . 1 . . . . . 5 . 2 . . . . . . . . . . . . . . . . Recyclers Shooed 4 | . 2 . . . . . 1 . . . . . 1 . . . . . . . . . . . . Parts Field Recycled . | . . . . . . . . . . . . . . . . . . . . . . . . . . Retrieved Matter . | . . . . . . . . . . . . . . . . . . . . . . . . . . Parts Self-Destructed . | . . . . . . . . . . . . . . . . . . . . . . . . . . Prevented . | . . . . . . . . . . . . . . . . . . . . . . . . . . Kills | -11 -10 -10 -9 -9 -9 -8 -8 -8 -8 -8 -7 -7 -7 -7 -6 -6 -6 -6 -5 -5 -4 -4 -4 -4 -3 ------- Run | Scr Mat Min Mat Min Exi Min Mat Gar Mat Gar Fac Gar Fac Gar Fac Was Fac Gar Fac Gar Fac Gar Fac Gar Res Combat Hostiles Destroyed 155 | . 10 6 3 . . 9 17 26 16 18 12 10 1 3 . . . 5 3 2 . 2 2 8 2 Melee 1 | . . . . . . . . . . . . . . . . . . . . . . . 1 . . Guns 96 | . 7 3 3 . . 2 14 6 5 9 12 10 . 2 . . . 5 3 2 . 2 1 8 2 Cannons 18 | . . . . . . . 3 6 7 2 . . . . . . . . . . . . . . . AOE 39 | . 3 3 . . . 7 . 14 4 7 . . . 1 . . . . . . . . . . . Classes Destroyed 16 | . 6 2 1 . . 1 3 . 1 . 1 . . . . . . . . . . . . 1 . Worker 1 | . . . . . . . . . 1 . . . . . . . . . . . . . . . . Builder 3 | . 1 . . . . 1 . . . . . . . . . . . . . . . . . . 1 Tunneler 1 | . . . . . . . 1 . . . . . . . . . . . . . . . . . . Hauler 8 | . 1 . . . . . 5 . 2 . . . . . . . . . . . . . . . . Recycler 6 | . 1 1 . . . 1 3 . . . . . . . . . . . . . . . . . . Drone 1 | . . . . . . . 1 . . . . . . . . . . . . . . . . . . Watcher 10 | . 2 . . . . . 3 . 4 . 1 . . . . . . . . . . . . . . Swarmer 51 | . 3 3 . . . 6 . 16 3 7 2 3 1 2 . . . 1 . 1 . . . 3 . Grunt 57 | . 7 . 2 . . 2 13 6 7 7 2 5 . 1 . . . 2 . 1 . 1 . 1 . Brawler 4 | . . . 1 . . . . . . . 1 . . 1 . . . 1 . . . . . . . Duelist 4 | . . . . . . 1 . . 1 . . . . . . . . 1 . . . . . 1 . Protector 1 | . . . . . . . . . . . . . . . . . . . . . . . . 1 . Sentry 20 | . . 2 . . . . 2 4 4 4 2 . 1 . . . . . . . . . . 1 . Demolisher 1 | . . 1 . . . . . . . . . . . . . . . . . . . . . . . Hunter 8 | . . . . . . . 2 . 1 . 2 1 . 1 . . . . 1 . . . . . . Programmer 13 | . . . . . . . . . . . 3 1 . 1 . . . . 2 . . 1 2 1 2 Best Kill Streak 8 | . 4 3 3 . . 6 3 8 5 6 3 6 1 1 . . . 4 2 1 . 1 1 2 1 Combat Bots Only 8 | . 4 3 3 . . 4 3 8 4 6 3 6 1 1 . . . 4 2 1 . 1 1 2 1 Max Kills in Single Turn 4 | . 2 3 1 . . 2 2 4 2 3 1 1 1 1 . . . 1 1 1 . 1 1 1 1 Gunslinging 1 | . . . . . . . . . . 1 . . . . . . . . . . . . . . . Exploded 4 | . 2 3 . . . 2 . 4 2 3 . . . 1 . . . . . . . . . . . Melee 1 | . . . . . . . . . . . . . . . . . . . . . . . 1 . . Uniques/NPCs Destroyed . | . . . . . . . . . . . . . . . . . . . . . . . . . . Combat | -11 -10 -10 -9 -9 -9 -8 -8 -8 -8 -8 -7 -7 -7 -7 -6 -6 -6 -6 -5 -5 -4 -4 -4 -4 -3 -------- Run | Scr Mat Min Mat Min Exi Min Mat Gar Mat Gar Fac Gar Fac Gar Fac Was Fac Gar Fac Gar Fac Gar Fac Gar Res Damage Taken 15008 | . 488 400 11 20 . 750 1191 1133 642 775 886 578 246 499 . . . 1084 592 572 19 1129 364 723 2906 Core 3082 | . 48 . . . . 147 134 138 56 44 98 93 83 86 . . . 159 122 70 19 193 132 156 1304 Absorbed by Shields 27 | . . . . . . . . . . . . . . . . . . . . . . 18 . 9 . Core Remaining (%) 67 | 100 . 80 . . . 63 . . . 32 . . . 48 . . . 81 . 80 . . . 56 . Volleys Fired 816 | . 40 12 5 3 . 28 83 45 50 38 42 49 8 43 . 5 5 69 25 84 . 56 20 64 42 Largest 2 | . 2 2 2 1 . 2 2 2 2 2 2 2 2 2 . 1 1 2 2 1 . 1 1 2 2 Hottest 120 | . 85 85 63 33 . 65 88 88 85 62 60 120 120 90 . 30 30 75 58 36 . 40 30 60 65 Shots Fired 1173 | . 76 23 10 3 . 46 165 79 97 65 83 59 11 47 . 5 5 73 32 84 . 56 20 89 45 Gun 771 | . 73 22 10 . . 38 141 34 47 40 83 50 6 30 . . 1 28 20 21 . 31 3 77 16 Cannon 121 | . . . . . . . 23 37 47 14 . . . . . . . . . . . . . . . Launcher 59 | . 3 1 . 3 . 8 1 8 3 11 . . . 5 . . . 6 . 8 . . . . 2 Special 222 | . . . . . . . . . . . . 9 5 12 . 5 4 39 12 55 . 25 17 12 27 Kinetic 703 | . 60 14 5 . . 23 141 34 65 54 83 17 . 14 . . 1 24 20 21 . 31 3 77 16 Thermal 110 | . 13 8 . . . . 23 37 29 . . . . . . . . . . . . . . . . Explosive 29 | . 3 1 . 3 . 8 1 8 . . . . . 5 . . . . . . . . . . . Electromagnetic 109 | . . . 5 . . 15 . . 3 11 . 33 6 16 . . . 10 . 8 . . . . 2 Robot Hit Streak 27 | . 6 10 12 . . 8 13 22 13 6 11 21 8 10 . 8 10 13 6 27 . 10 7 12 9 Robot Miss Streak 5 | . 4 1 1 . . 4 4 5 5 5 2 4 2 4 . . 1 2 5 4 . 5 1 1 3 Penetration Max 1 | . . . . . . . 1 . . . . . . . . . . . . . . 1 . 1 . Secondary Targets 9 | . 2 1 . . . 1 2 . . 2 1 . . . . . . . . . . . . . . Max Gunslinging Chain 1 | . 1 1 . . . 1 1 . . 1 1 . . . . . . . . . . . . . . Shots Hit Robots 782 | . 44 18 8 . . 36 122 49 66 32 63 41 11 28 . 5 3 48 20 53 1 36 20 46 32 Core Hits 370 | . 25 10 5 1 . 20 60 40 41 31 24 20 2 12 . . . 16 7 17 1 10 3 18 7 Critical Hits 7 | . 1 . . . . . 1 . . 1 . . . . . . . . 1 . . 2 . 1 . Critical Kills 1 | . . . . . . . . . . . . . . . . . . . . . . 1 . . . Critical Parts Destroyed 6 | . 1 . . . . . 1 . . 1 . . . . . . . . 1 . . 1 . 1 . Melee Attacks 47 | . . . . . . . . . . . . . 3 15 . . 1 3 . 6 5 7 4 . 3 Impact . | . . . . . . . . . . . . . . . . . . . . . . . . . . Slashing 47 | . . . . . . . . . . . . . 3 15 . . 1 3 . 6 5 7 4 . 3 Piercing . | . . . . . . . . . . . . . . . . . . . . . . . . . . Sneak Attacks 3 | . . . . . . . . . . . . . 2 1 . . . . . . . . . . . Combat Hostiles . | . . . . . . . . . . . . . . . . . . . . . . . . . . Follow-up Attacks . | . . . . . . . . . . . . . . . . . . . . . . . . . . Damage Inflicted 17634 | . 647 417 108 18 . 1215 2385 1840 1574 1149 1444 962 298 692 . . . 1007 409 1098 35 693 159 976 508 Guns 10641 | . 506 260 108 . . 531 1857 585 622 487 1444 878 113 457 . . . 463 409 189 . 384 61 976 311 Cannons 1536 | . . . . . . . 394 459 599 84 . . . . . . . . . . . . . . . Explosions 4727 | . 141 157 . 18 . 684 134 796 353 578 . 84 . 132 . . . 544 . 909 . . . . 197 Melee 720 | . . . . . . . . . . . . . 185 93 . . . . . . 35 309 98 . . Ramming 10 | . . . . . . . . . . . . . . 10 . . . . . . . . . . . Kinetic 9474 | . 394 137 59 . . 401 1857 585 854 571 1444 282 . 158 . . . 402 409 189 . 384 61 976 311 Thermal 2106 | . 112 123 . . . 41 528 459 391 147 . 84 . . . . . 205 . 16 . . . . . Explosive 2134 | . 141 157 . 18 . 643 . 796 247 . . . . 132 . . . . . . . . . . . Electromagnetic 3190 | . . . 49 . . 130 . . 82 431 . 596 113 299 . . . 400 . 893 . . . . 197 Impact . | . . . . . . . . . . . . . . . . . . . . . . . . . . Slashing 720 | . . . . . . . . . . . . . 185 93 . . . . . . 35 309 98 . . Piercing . | . . . . . . . . . . . . . . . . . . . . . . . . . . Highest Corruption 11 | . . . . . . . . . . 1 6 3 3 1 . 5 5 2 4 3 . . 1 . 11 Average Corruption 2 | . . . . . . . . . . 1 3 2 1 1 . 4 3 1 3 1 . . 1 . 6 Corruption Purged 21 | . . . . . . . . . . . 5 1 3 1 . 2 3 1 1 2 . . 2 . . Effects 79 | . . . . . . . . . . 5 26 13 4 . . 2 2 6 . 18 . . . . 3 Message Errors 18 | . . . . . . . . . . 1 5 4 1 . . . . 3 . 3 . . . . 1 Matter Fused 13 | . . . . . . . . . . . 6 3 . . . 1 1 . . 2 . . . . . Heat Flow Errors 8 | . . . . . . . . . . . 5 . . . . . . . . 3 . . . . . Energy Discharges 13 | . . . . . . . . . . 1 3 1 2 . . 1 1 1 . 3 . . . . . Data Loss (minor) 13 | . . . . . . . . . . 2 . 3 1 . . . . 1 . 5 . . . . 1 Data Loss (major) 2 | . . . . . . . . . . . 2 . . . . . . . . . . . . . . Targeting Errors 11 | . . . . . . . . . . 1 4 2 . . . . . 1 . 2 . . . . 1 Weapon Failures 1 | . . . . . . . . . . . 1 . . . . . . . . . . . . . . Overload Shots . | . . . . . . . . . . . . . . . . . . . . . . . . . . Overflow Damage 373 | . . 7 . . . 133 65 75 . 6 . . 79 . . . . . . . . . . . 8 Projectiles 18 | . . . . . . . . 18 . . . . . . . . . . . . . . . . . Explosions 276 | . . 7 . . . 133 65 57 . 6 . . . . . . . . . . . . . . 8 Melee 79 | . . . . . . . . . . . . . 79 . . . . . . . . . . . . Knockbacks 2 | . . . . . . . . . 2 . . . . . . . . . . . . . . . . Impact . | . . . . . . . . . . . . . . . . . . . . . . . . . . Kinetic 2 | . . . . . . . . . 2 . . . . . . . . . . . . . . . . Secondary . | . . . . . . . . . . . . . . . . . . . . . . . . . . Self-Inflicted Damage 453 | . 23 7 . . . 77 . 233 7 20 . 22 . 34 . . . . . 5 . . . . 25 Shots 17 | . 1 1 . . . 2 . 5 2 2 . 1 . 1 . . . . . 1 . . . . 1 Rammed 1 | . . . . . . . . . . . . . . 1 . . . . . . . . . . . Targets Rammed 1 | . . . . . . . . . . . . . . 1 . . . . . . . . . . . Kicked . | . . . . . . . . . . . . . . . . . . . . . . . . . . Crushed . | . . . . . . . . . . . . . . . . . . . . . . . . . . Highest Temperature 407 | . 72 186 66 . . 407 207 196 98 87 264 276 153 63 . 5 5 56 . 202 . 16 . . 37 Average Temperature 53 | . 22 68 36 . . 144 55 61 26 25 44 59 62 14 . 5 2 15 . 87 . 6 . . 17 Received Heat Transfer 2754 | . 246 72 6 . . 207 558 297 207 198 126 153 42 132 . . . 108 15 126 . 141 . 48 72 Effects 1 | . . . . . . 1 . . . . . . . . . . . . . . . . . . . Shutdowns 1 | . . . . . . 1 . . . . . . . . . . . . . . . . . . . Siege Activations . | . . . . . . . . . . . . . . . . . . . . . . . . . . Robots Corrupted 16 | . . . . . . . . . . . . 3 1 2 . . . 3 . 7 . . . . . Combat Hostiles 1 | . . . . . . . . . . . . . 1 . . . . . . . . . . . . Parts Fried 10 | . . . . . . . . . . 1 . 1 . 2 . . . 1 . 5 . . . . . Impact Corruptions . | . . . . . . . . . . . . . . . . . . . . . . . . . . Robots Melted . | . . . . . . . . . . . . . . . . . . . . . . . . . . Combat Hostiles . | . . . . . . . . . . . . . . . . . . . . . . . . . . Parts Melted 6 | . 1 . . . . . 3 1 . . . . . . . . . . . . . . . 1 . Heat Transferred 3191 | . 262 296 . . . 50 729 740 592 150 . 100 . . . . . 222 . 50 . . . . . Parts Sabotaged . | . . . . . . . . . . . . . . . . . . . . . . . . . . Parts Stolen . | . . . . . . . . . . . . . . . . . . . . . . . . . . Parts Stripped . | . . . . . . . . . . . . . . . . . . . . . . . . . . Power Chain Reactions 9 | . . . . . . 1 . . 1 3 . 1 . . . . . 2 . 1 . . . . . Missiles Intercepted . | . . . . . . . . . . . . . . . . . . . . . . . . . . Alert | -11 -10 -10 -9 -9 -9 -8 -8 -8 -8 -8 -7 -7 -7 -7 -6 -6 -6 -6 -5 -5 -4 -4 -4 -4 -3 ------- Run | Scr Mat Min Mat Min Exi Min Mat Gar Mat Gar Fac Gar Fac Gar Fac Was Fac Gar Fac Gar Fac Gar Fac Gar Res Peak Influence 1066 | . 196 85 70 27 . 163 303 1066 594 883 463 594 365 422 221 39 29 239 218 173 117 397 222 502 551 Initial 519 | . . 37 33 27 . . 48 196 519 240 463 212 311 143 221 24 13 . 125 28 90 14 207 44 282 Average 228 | . 69 38 38 12 . 49 145 593 403 591 355 404 261 244 111 32 23 90 134 87 70 142 148 324 351 Maximum Alert Level 3 | . . . . . . . 1 3 2 3 2 2 1 2 1 . . 1 1 . . 1 1 2 2 Low Security (%) 51 | 100 100 100 100 100 . 100 65 28 . . . . 37 24 73 100 100 92 85 100 100 83 41 11 . Level 1 31 | . . . . . . . 34 9 54 19 73 52 62 72 26 . . 7 14 . . 16 58 67 79 Level 2 13 | . . . . . . . . 27 45 57 26 47 . 3 . . . . . . . . . 21 20 Level 3 2 | . . . . . . . . 35 . 23 . . . . . . . . . . . . . . . Level 4 . | . . . . . . . . . . . . . . . . . . . . . . . . . . Level 5 . | . . . . . . . . . . . . . . . . . . . . . . . . . . High Security . | . . . . . . . . . . . . . . . . . . . . . . . . . . Max Security . | . . . . . . . . . . . . . . . . . . . . . . . . . . Squads Dispatched 20 | . . . 1 . . . 1 . 2 . 4 . . . 1 . . . . . 1 . 5 . 5 Investigation 3 | . . . . . . . 1 . 1 . . . . . . . . . . . 1 . . . . Extermination 8 | . . . . . . . . . . . 3 . . . 1 . . . . . . . 2 . 2 Reinforcement 7 | . . . 1 . . . . . 1 . 1 . . . . . . . . . . . 1 . 3 Assault . | . . . . . . . . . . . . . . . . . . . . . . . . . . Garrison 2 | . . . . . . . . . . . . . . . . . . . . . . . 2 . . Intercept . | . . . . . . . . . . . . . . . . . . . . . . . . . . Construction Impeded 2 | . . . . . . . . . . . . . . . . . . . . . . . 1 . 1 Haulers Reinforced 1 | . . . . . . . . . . . . . . . . . . . . . . . . . 1 Stealth | -11 -10 -10 -9 -9 -9 -8 -8 -8 -8 -8 -7 -7 -7 -7 -6 -6 -6 -6 -5 -5 -4 -4 -4 -4 -3 --------- Run | Scr Mat Min Mat Min Exi Min Mat Gar Mat Gar Fac Gar Fac Gar Fac Was Fac Gar Fac Gar Fac Gar Fac Gar Res Distress Signals 14 | . 1 . 1 . . . 4 . 3 . 1 . . . . . . . . . 1 . 2 . 1 Communications Jammed 262 | . . . . . . . 5 . 35 . 6 . . . . . . . . . . . 105 39 72 Distress Signals 258 | . . . . . . . 5 . 33 . 4 . . . . . . . . . . . 105 39 72 Times Spotted 401 | . 15 6 5 4 . 14 38 25 36 25 17 16 9 16 . 5 1 24 15 36 5 30 12 20 27 Peak Tracking Total 10 | . 6 3 5 4 . 3 5 6 4 6 4 5 2 4 1 3 1 10 4 10 3 6 6 3 7 Tactical Retreats 22 | . . . . . . 2 1 3 1 5 . 2 . . . 1 . . . 1 1 4 1 . . Traps | -11 -10 -10 -9 -9 -9 -8 -8 -8 -8 -8 -7 -7 -7 -7 -6 -6 -6 -6 -5 -5 -4 -4 -4 -4 -3 ------- Run | Scr Mat Min Mat Min Exi Min Mat Gar Mat Gar Fac Gar Fac Gar Fac Was Fac Gar Fac Gar Fac Gar Fac Gar Res Traps Triggered 64 | . . . . . . . 1 1 . 6 4 10 1 2 1 . 1 10 1 8 1 7 1 9 . Indirectly 2 | . . . . . . . . . . 2 . . . . . . . . . . . . . . . Trap Hack Attempts . | . . . . . . . . . . . . . . . . . . . . . . . . . . Triggered . | . . . . . . . . . . . . . . . . . . . . . . . . . . Disarmed . | . . . . . . . . . . . . . . . . . . . . . . . . . . Reprogrammed . | . . . . . . . . . . . . . . . . . . . . . . . . . . Reused . | . . . . . . . . . . . . . . . . . . . . . . . . . . Traps Extracted . | . . . . . . . . . . . . . . . . . . . . . . . . . . Installed . | . . . . . . . . . . . . . . . . . . . . . . . . . . Triggered . | . . . . . . . . . . . . . . . . . . . . . . . . . . Exploded 1 | . . . . . . . 1 . . . . . . . . . . . . . . . . . . Machines | -11 -10 -10 -9 -9 -9 -8 -8 -8 -8 -8 -7 -7 -7 -7 -6 -6 -6 -6 -5 -5 -4 -4 -4 -4 -3 ---------- Run | Scr Mat Min Mat Min Exi Min Mat Gar Mat Gar Fac Gar Fac Gar Fac Was Fac Gar Fac Gar Fac Gar Fac Gar Res Machines Disabled 45 | . 2 1 . . . 2 5 4 1 2 2 3 . 2 . . . 4 2 4 . 6 . 5 . Max in Single Turn 2 | . 1 1 . . . 1 1 2 1 1 1 1 . 1 . . . 1 . 1 . 1 . 1 . Garrison Relay 25 | . . . . . . . . 2 . 2 . 3 . 2 . . . 4 . 4 . 4 . 4 . Phase Generator 1 | . . . . . . . . 1 . . . . . . . . . . . . . . . . . Machines Sabotaged . | . . . . . . . . . . . . . . . . . . . . . . . . . . Garrisons Compromised . | . . . . . . . . . . . . . . . . . . . . . . . . . . Overloaded Fab Kills . | . . . . . . . . . . . . . . . . . . . . . . . . . . Fab Network Shutdowns . | . . . . . . . . . . . . . . . . . . . . . . . . . . Hacking | -11 -10 -10 -9 -9 -9 -8 -8 -8 -8 -8 -7 -7 -7 -7 -6 -6 -6 -6 -5 -5 -4 -4 -4 -4 -3 --------- Run | Scr Mat Min Mat Min Exi Min Mat Gar Mat Gar Fac Gar Fac Gar Fac Was Fac Gar Fac Gar Fac Gar Fac Gar Res Machines Accessed 37 | . 4 1 . . . . 6 . 9 . 2 . 2 . 2 . 1 . 1 . 5 . 3 . 1 Terminals 23 | . 4 . . . . . 5 . 6 . 1 . 1 . 1 . . . . . 4 . 1 . . Fabricators 1 | . . . . . . . . . . . . . . . . . . . . . . . . . 1 Repair Stations 1 | . . . . . . . . . 1 . . . . . . . . . . . . . . . . Recycling Units 1 | . . . . . . . . . 1 . . . . . . . . . . . . . . . . Scanalyzers 1 | . . . . . . . . . . . . . . . . . . . . . . . 1 . . Garrison Access 9 | . . . . . . . 1 . 1 . 1 . 1 . 1 . 1 . 1 . 1 . 1 . . Total Hacks 84 | . 12 1 . . . . 14 . 25 . 2 . 2 . 3 . 1 . 1 . 13 . 7 . 3 Successful 41 | . 5 1 . . . . 4 . 13 . 1 . 1 . 2 . 1 . 1 . 5 . 5 . 2 Failed 43 | . 7 . . . . . 10 . 12 . 1 . 1 . 1 . . . . . 8 . 2 . 1 Catastrophic 10 | . 2 . . . . . 1 . 2 . . . 1 . . . . . . . 3 . 1 . . Database Lockouts . | . . . . . . . . . . . . . . . . . . . . . . . . . . Manual 36 | . 3 . . . . . 9 . 14 . . . . . 1 . . . . . 9 . . . . Terminals 63 | . 12 . . . . . 13 . 20 . 1 . 1 . 2 . . . . . 12 . 2 . . Fabricators 3 | . . . . . . . . . . . . . . . . . . . . . . . . . 3 Repair Stations 3 | . . . . . . . . . 3 . . . . . . . . . . . . . . . . Recycling Units 1 | . . . . . . . . . 1 . . . . . . . . . . . . . . . . Scanalyzers 4 | . . . . . . . . . . . . . . . . . . . . . . . 4 . . Garrison Access 9 | . . . . . . . 1 . 1 . 1 . 1 . 1 . 1 . 1 . 1 . 1 . . Terminal Hacks 19 | . 4 1 . . . . 3 . 7 . . . . . 1 . . . . . 3 . . . . Part Schematic 1 | . . . . . . . . . 1 . . . . . . . . . . . . . . . . Prototype ID Bank 1 | . 1 . . . . . . . . . . . . . . . . . . . . . . . . Open Door 1 | . . 1 . . . . . . . . . . . . . . . . . . . . . . . Branch Access Points 1 | . . . . . . . 1 . . . . . . . . . . . . . . . . . . Terminal Index 1 | . . . . . . . . . . . . . . . . . . . . . 1 . . . . Unreport Threat 3 | . 1 . . . . . . . 1 . . . . . 1 . . . . . . . . . . Locate Traps 5 | . 2 . . . . . 1 . 1 . . . . . . . . . . . 1 . . . . Garrison Status 1 | . . . . . . . 1 . . . . . . . . . . . . . . . . . . Hauler Manifests 1 | . . . . . . . . . 1 . . . . . . . . . . . . . . . . Registered Components 1 | . . . . . . . . . 1 . . . . . . . . . . . . . . . . Zone Layout 3 | . . . . . . . . . 2 . . . . . . . . . . . 1 . . . . Fabricator Hacks 2 | . . . . . . . . . . . . . . . . . . . . . . . . . 2 Load Schematic 1 | . . . . . . . . . . . . . . . . . . . . . . . . . 1 Build 1 | . . . . . . . . . . . . . . . . . . . . . . . . . 1 Repair Station Hacks 2 | . . . . . . . . . 2 . . . . . . . . . . . . . . . . Scan Component 1 | . . . . . . . . . 1 . . . . . . . . . . . . . . . . Repair 1 | . . . . . . . . . 1 . . . . . . . . . . . . . . . . Recycling Unit Hacks 1 | . . . . . . . . . 1 . . . . . . . . . . . . . . . . Report Inventory 1 | . . . . . . . . . 1 . . . . . . . . . . . . . . . . Scanalyzer 4 | . . . . . . . . . . . . . . . . . . . . . . . 4 . . Insert Component 2 | . . . . . . . . . . . . . . . . . . . . . . . 2 . . Analyze 2 | . . . . . . . . . . . . . . . . . . . . . . . 2 . . Garrison Access Hacks 9 | . . . . . . . 1 . 1 . 1 . 1 . 1 . 1 . 1 . 1 . 1 . . Unlock Access 9 | . . . . . . . 1 . 1 . 1 . 1 . 1 . 1 . 1 . 1 . 1 . . Unauthorized Hacks 4 | . 1 . . . . . . . 2 . . . . . . . . . . . 1 . . . . Terminals 4 | . 1 . . . . . . . 2 . . . . . . . . . . . 1 . . . . Track 2 | . 1 . . . . . . . 1 . . . . . . . . . . . . . . . . Operators 2 | . . . . . . . . . 1 . . . . . . . . . . . 1 . . . . Fabricators . | . . . . . . . . . . . . . . . . . . . . . . . . . . Repair Stations . | . . . . . . . . . . . . . . . . . . . . . . . . . . Recycling Units . | . . . . . . . . . . . . . . . . . . . . . . . . . . Scanalyzers . | . . . . . . . . . . . . . . . . . . . . . . . . . . Garrison Access . | . . . . . . . . . . . . . . . . . . . . . . . . . . Data Cores Recovered . | . . . . . . . . . . . . . . . . . . . . . . . . . . Used . | . . . . . . . . . . . . . . . . . . . . . . . . . . Hacking Detections 29 | . 4 . . . . . 5 . 7 . 1 . 1 . 2 . 1 . . . 5 . 2 . 1 Full Trace Events 1 | . . . . . . . . . 1 . . . . . . . . . . . . . . . . Feedback Events . | . . . . . . . . . . . . . . . . . . . . . . . . . . Feedback Blocked . | . . . . . . . . . . . . . . . . . . . . . . . . . . Robot Schematics Acquired . | . . . . . . . . . . . . . . . . . . . . . . . . . . Robots Built . | . . . . . . . . . . . . . . . . . . . . . . . . . . Matter . | . . . . . . . . . . . . . . . . . . . . . . . . . . Time . | . . . . . . . . . . . . . . . . . . . . . . . . . . Total Robot Build Rating . | . . . . . . . . . . . . . . . . . . . . . . . . . . Part Schematics Acquired 3 | . . . . . . . . . 1 . . . . . . . . . . . . . 2 . . Parts Built 1 | . . . . . . . . . . . . . . . . . . . . . . . . . 1 Matter 168 | . . . . . . . . . . . . . . . . . . . . . . . . . 168 Time 42 | . . . . . . . . . . . . . . . . . . . . . . . . . 42 Total Part Build Rating 4 | . . . . . . . . . . . . . . . . . . . . . . . . . 4 Parts Repaired 1 | . . . . . . . . . 1 . . . . . . . . . . . . . . . . Time 38 | . . . . . . . . . 38 . . . . . . . . . . . . . . . . Parts Recycled . | . . . . . . . . . . . . . . . . . . . . . . . . . . Recycled Matter . | . . . . . . . . . . . . . . . . . . . . . . . . . . Retrieved Matter . | . . . . . . . . . . . . . . . . . . . . . . . . . . Retrieved Components . | . . . . . . . . . . . . . . . . . . . . . . . . . . Parts Scanalyzed 2 | . . . . . . . . . . . . . . . . . . . . . . . 2 . . Part Schematics Acquired 2 | . . . . . . . . . . . . . . . . . . . . . . . 2 . . Parts Damaged . | . . . . . . . . . . . . . . . . . . . . . . . . . . Bothacking | -11 -10 -10 -9 -9 -9 -8 -8 -8 -8 -8 -7 -7 -7 -7 -6 -6 -6 -6 -5 -5 -4 -4 -4 -4 -3 ------------ Run | Scr Mat Min Mat Min Exi Min Mat Gar Mat Gar Fac Gar Fac Gar Fac Was Fac Gar Fac Gar Fac Gar Fac Gar Res Used RIF Installer 8 | . . . . . . . . 1 . 1 . 1 . 1 . . . 1 . 1 . 1 . 1 . Coupler Efficiency 1 | . . . . . . . . . . 1 . . . . . . . . . . . . . . . Signal Jammer 1 | . . . . . . . . . . . . . . . . . . . . . . 1 . . . Zone Cloak 1 | . . . . . . . . . . . . . . . . . . 1 . . . . . . . Patrol Navigation 1 | . . . . . . . . . . . . 1 . . . . . . . . . . . . . Watcher Feeds 1 | . . . . . . . . . . . . . . . . . . . . 1 . . . . . Autoassimilate 1 | . . . . . . . . . . . . . . 1 . . . . . . . . . . . Crosswire 1 | . . . . . . . . . . . . . . . . . . . . . . . . 1 . Robots Hacked 133 | . . . . . . . . . . . . 4 4 7 . 5 2 18 8 24 . 20 9 15 17 Non-combat 8 | . . . . . . . . . . . . . 1 . . . 1 . 2 . . . 1 . 3 Combat 125 | . . . . . . . . . . . . 4 3 7 . 5 1 18 6 24 . 20 8 15 14 Autoassimilated 29 | . . . . . . . . . . . . . . 1 . . . 1 2 4 . 3 2 9 7 Robot Hacks Applied 108 | . . . . . . . . . . . . 4 4 6 . 5 3 17 6 20 . 18 9 6 10 drop_inventory 3 | . . . . . . . . . . . . . . . . . 1 . 1 . . . . . 1 locate_stockpiles 1 | . . . . . . . . . . . . . . . . . 1 . . . . . . . . find_station 1 | . . . . . . . . . . . . . . . . . . . . . . . 1 . . map_route 4 | . . . . . . . . . . . . . 1 . . . . . 1 . . . . . 2 ignore_targets 5 | . . . . . . . . . . . . . . . . 5 . . . . . . . . . spike_heat 1 | . . . . . . . . . . . . . . . . . . 1 . . . . . . . amplify_resonance 1 | . . . . . . . . . . . . . . . . . . . . 1 . . . . . reboot_system 1 | . . . . . . . . . . . . . . . . . . . . . . . . 1 . overwrite_iff 28 | . . . . . . . . . . . . 4 3 4 . . . 4 . 6 . 4 . 2 1 formatsys_low 2 | . . . . . . . . . . . . . . . . . . . . . . . 2 . . formatsys_high 61 | . . . . . . . . . . . . . . 2 . . 1 12 4 13 . 14 6 3 6 Relay Couplers Released 102 | . . . . . . . . 7 . 7 . 12 . 8 . . . 18 . 18 . 16 3 13 . Machine Destruction 99 | . . . . . . . . 7 . 7 . 12 . 8 . . . 18 . 18 . 16 . 13 . Programmers 3 | . . . . . . . . . . . . . . . . . . . . . . . 3 . . Attached 52 | . . . . . . . . . . . 1 3 . 4 . . . 8 3 9 . 9 . 9 6 Crosswired 7 | . . . . . . . . . . . . . . . . . . . . . . . . 7 . Robots Rewired 3 | . . . . . . . . . . . . . . . . . . . . 3 . . . . . Allies Hacked 7 | . . . . . . . . . . . . . . . . . . . . . . . 3 . 4 Hacks Repelled . | . . . . . . . . . . . . . . . . . . . . . . . . . . Allies | -11 -10 -10 -9 -9 -9 -8 -8 -8 -8 -8 -7 -7 -7 -7 -6 -6 -6 -6 -5 -5 -4 -4 -4 -4 -3 -------- Run | Scr Mat Min Mat Min Exi Min Mat Gar Mat Gar Fac Gar Fac Gar Fac Was Fac Gar Fac Gar Fac Gar Fac Gar Res Total Allies 122 | . . 1 . . . . . . . . . 4 3 7 . . 1 17 6 26 . 20 9 14 14 Largest Group 7 | . . 1 . . . . . . . . . 1 1 2 1 1 1 6 6 3 1 6 6 7 7 Highest-Rated Group 293 | . . 31 . . . . . . . . . 12 12 32 12 12 32 185 200 121 49 223 268 269 293 Highest-Rated Ally 64 | . . 31 . . . . . . . . . 12 12 16 12 12 32 41 49 49 49 58 58 56 64 Total Orders 38 | . . . 2 1 . 7 10 1 3 . . . . . . . . . . . . 4 2 3 5 STAY 10 | . . . . . . 2 . . . . . . . . . . . . . . . 3 . 2 3 FOLLOW 5 | . . . . . . 1 . . . . . . . . . . . . . . . 1 . 1 2 AID 2 | . . . . . . . . . . . . . . . . . . . . . . . 2 . . RETURN 21 | . . . 2 1 . 4 10 1 3 . . . . . . . . . . . . . . . . Ally Attacks 479 | . . . . . . . . . . . . 10 6 24 . 11 . 60 41 81 2 82 32 50 80 Total Damage 12670 | . . . . . . . . . . . . 118 100 335 . 163 . 1228 1128 2215 58 2846 604 1294 2581 Kills 77 | . . . . . . . . . . . . . 2 6 . . . 4 8 11 . 10 4 8 24 Allies Corrupted 11 | . . . . . . . . . . . . . . . . . 1 1 1 1 1 1 2 . 3 Allies Melted 2 | . . . . . . . . . . . . . . . . . . 1 . 1 . . . . . Intel | -11 -10 -10 -9 -9 -9 -8 -8 -8 -8 -8 -7 -7 -7 -7 -6 -6 -6 -6 -5 -5 -4 -4 -4 -4 -3 ------- Run | Scr Mat Min Mat Min Exi Min Mat Gar Mat Gar Fac Gar Fac Gar Fac Was Fac Gar Fac Gar Fac Gar Fac Gar Res Robot Analysis Total . | . . . . . . . . . . . . . . . . . . . . . . . . . . Derelict Logs Recovered 2 | . . 1 . 1 . . . . . . . . . . . . . . . . . . . . . Drone Launches 28 | . . . 3 . . 5 12 1 7 . . . . . . . . . . . . . . . . Drone Recoveries 27 | . . . 2 1 . 5 11 1 7 . . . . . . . . . . . . . . . . Exploration | -11 -10 -10 -9 -9 -9 -8 -8 -8 -8 -8 -7 -7 -7 -7 -6 -6 -6 -6 -5 -5 -4 -4 -4 -4 -3 ------------- Run | Scr Mat Min Mat Min Exi Min Mat Gar Mat Gar Fac Gar Fac Gar Fac Was Fac Gar Fac Gar Fac Gar Fac Gar Res Turns Passed 24760 | 75 506 1155 543 850 522 1113 2253 823 2155 1363 1816 990 725 1181 263 100 403 1136 553 1566 530 1528 664 1163 784 Spaces Moved 13126 | 55 239 606 271 434 288 519 961 334 813 590 768 555 492 508 218 66 318 722 389 972 400 864 456 753 535 Core 11 | 9 . . . . . . . . . . . . . . . . . . . . . . . . 2 Treads 5291 | . . 172 271 434 288 519 961 334 813 590 768 141 . . . . . . . . . . . . . Legs 719 | 46 239 434 . . . . . . . . . . . . . . . . . . . . . . . Wheels 7105 | . . . . . . . . . . . . 414 492 508 218 66 318 722 389 972 400 864 456 753 533 Hover . | . . . . . . . . . . . . . . . . . . . . . . . . . . Flight . | . . . . . . . . . . . . . . . . . . . . . . . . . . Fastest Speed 50 | 50 120 150 180 180 180 180 180 190 210 210 205 120 120 120 120 120 120 110 110 120 120 120 110 110 100 Average Speed 151 | 108 149 176 180 180 180 180 183 197 210 210 207 142 120 124 120 120 120 119 118 128 120 120 113 110 109 Slowest Speed 250 | 120 180 210 180 180 180 200 220 210 210 210 210 250 130 160 120 120 120 120 120 160 120 150 120 110 110 Overloaded Moves . | . . . . . . . . . . . . . . . . . . . . . . . . . . Propulsion Burnouts . | . . . . . . . . . . . . . . . . . . . . . . . . . . Robots Hopped . | . . . . . . . . . . . . . . . . . . . . . . . . . . Cave-ins Triggered . | . . . . . . . . . . . . . . . . . . . . . . . . . . Exploration Rate (%) 47 | 4 48 91 22 48 62 61 70 59 58 59 18 64 22 75 9 66 13 71 10 82 13 92 16 84 14 Regions Visited 25 Branch Regions 4 Pre-discovered Areas . | . . . . . . . . . . . . . . . . . . . . . . . . . . Known Exits Taken 8 | . . . . . . . 1 . 1 . 1 . 1 . . . 1 . 1 . 1 . 1 . . Unknown Exits Taken 7 | 1 1 1 1 1 1 1 . . . . . . . . . . . . . . . . . . . Scrap Searched 3 | . . 2 . . . 1 . . . . . . . . . . . . . . . . . . . Spaces Dug 70 | . . . . 26 . . 12 9 . . . . 1 8 . . 1 . . 3 4 1 1 2 2 Terrain Destroyed 386 | . 14 9 . 32 . 56 14 128 27 13 . . 1 66 . . 1 . . 7 4 1 2 8 3 Melee 20 | . . . . . . . . . . . . . 1 8 . . 1 . . 2 4 1 1 . 2 Projectile 18 | . . . . . . . 2 . 5 . . . . . . . . . . 1 . . 1 8 1 AOE 348 | . 14 9 . 32 . 56 12 128 22 13 . . . 58 . . . . . 4 . . . . . Terrain Rammed . | . . . . . . . . . . . . . . . . . . . . . . . . . . Walls Destroyed . | . . . . . . . . . . . . . . . . . . . . . . . . . . Machines Disabled . | . . . . . . . . . . . . . . . . . . . . . . . . . . Actions | -11 -10 -10 -9 -9 -9 -8 -8 -8 -8 -8 -7 -7 -7 -7 -6 -6 -6 -6 -5 -5 -4 -4 -4 -4 -3 --------- Run | Scr Mat Min Mat Min Exi Min Mat Gar Mat Gar Fac Gar Fac Gar Fac Was Fac Gar Fac Gar Fac Gar Fac Gar Res Total 16847 | 69 319 669 317 499 293 649 1297 414 1158 659 916 706 611 973 220 84 336 938 450 1238 442 1303 592 1001 694 Wait 1822 | . 11 9 30 59 . 88 173 4 259 2 64 2 90 359 . 12 1 32 18 45 27 270 89 95 83 Move 13104 | 54 238 605 270 433 287 518 961 333 813 589 768 552 492 507 218 65 318 720 389 971 399 863 455 751 535 Hop . | . . . . . . . . . . . . . . . . . . . . . . . . . . Pick Up 184 | 9 9 19 2 . 3 1 17 10 11 8 9 11 2 3 . 1 3 11 4 25 1 14 5 4 2 Fast Attach 61 | 3 2 4 . 1 . 1 6 2 1 1 . 4 2 2 1 . 1 6 4 8 1 2 1 3 5 Attach 96 | 3 1 5 4 . . 2 9 4 4 . 7 1 . 5 1 . . 7 6 8 1 11 2 5 10 Detach 19 | . 1 . 2 . . 1 3 . 1 . 1 . . 2 . . . 1 . 3 1 . 1 1 1 Swap 171 | . 8 4 3 2 . 8 21 13 16 6 12 8 9 14 . 1 3 4 3 10 3 8 4 4 7 Drop 151 | . 9 11 1 1 3 2 24 3 3 11 7 15 5 3 . . 4 4 . 23 4 7 7 . 4 Fire 816 | . 40 12 5 3 . 28 83 45 50 38 42 49 8 43 . 5 5 69 25 84 . 56 20 64 42 Melee 47 | . . . . . . . . . . . . . 3 15 . . 1 3 . 6 5 7 4 . 3 Ram 1 | . . . . . . . . . . . . . . 1 . . . . . . . . . . . Kick . | . . . . . . . . . . . . . . . . . . . . . . . . . . Crush . | . . . . . . . . . . . . . . . . . . . . . . . . . . Escape Stasis 346 | . . . . . . . . . . 4 6 64 . 16 . . . 80 . 48 . 56 . 72 . Rewire 29 | . . . . . . . . . . . . . . 3 . . . 1 1 7 . 9 4 2 2 Trap . | . . . . . . . . . . . . . . . . . . . . . . . . . . Miscellaneous . | . . . . . . . . . . . . . . . . . . . . . . . . . . Route ------- -11/Scrapyard -10/Materials (discovered 2 exits: [*Mat] / *Min) -10/Mines (discovered 2 exits: [*Mat x2]) -9/Materials -9/Mines (discovered 3 exits: *Mat / [*Exi] / [*Zio]) -9/Exiles -8/Mines -8/Materials (discovered 3 exits: *Fac x2 / Gar) -8/Garrison -8/Materials (discovered 3 exits: *Fac x2 / Gar) -8/Garrison (discovered 3 exits: *Fac x3) -7/Factory (discovered 2 exits: *Fac / Gar) -7/Garrison (discovered 2 exits: *Fac x2) -7/Factory (discovered 5 exits: *Fac x2 / *Low x2 / Gar) -7/Garrison (discovered 2 exits: *Fac x2) -6/Factory (discovered 2 exits: [*Low] / Gar) -6/Waste -6/Factory -6/Garrison (discovered 3 exits: *Fac x3) -5/Factory (discovered 2 exits: [Upp] / Gar) -5/Garrison (discovered 3 exits: *Fac x3) -4/Factory (discovered 2 exits: *Upp / Gar) -4/Garrison (discovered 3 exits: *Fac x3) -4/Factory -4/Garrison (discovered 2 exits: *Res x2) -3/Research History --------- Turn | Location | Event 16 | -11/Scrapyard | Discovered new exit (range 16) 76 | -11/Scrapyard | Entered Materials 439 | -10/Materials | Discovered new exit (range 7) 542 | -10/Materials | Discovered new exit (range 16) 582 | -10/Materials | Entered Mines 585 | -10/Mines | Received a Mining Laser from a helpful Derelict 681 | -10/Mines | Learned Materials security intel 748 | -10/Mines | Build established: Mutant 846 | -10/Mines | Assembled infested the area 1213 | -10/Mines | Found a damaged Exp. Sensor Array with a note attached 1220 | -10/Mines | Found Prototype Device 1227 | -10/Mines | Discovered new exit (range 12) 1251 | -10/Mines | Received a Rocket Launcher from a helpful Derelict 1514 | -10/Mines | Found the Drone Emporium 1521 | -10/Mines | Found Prototype Device 1549 | -10/Mines | Discovered new exit (range 9) 1657 | -10/Mines | Identified Exp. Sensor Array 1664 | -10/Mines | Identified Sensor Drone Bay 1737 | -10/Mines | Entered Materials 1737 | -9/Materials | Evolved 2 slots: Utility x2 2205 | -9/Materials | Discovered new exit (range 12) 2280 | -9/Materials | Entered Mines 2280 | -9/Mines | Accompanied by 1 ally 2334 | -9/Mines | Found a hidden stash of uninstalled traps 2347 | -9/Mines | Deemed a non-threat by the Exiles lab entrance 2347 | -9/Mines | Discovered new exit (range 5) 2569 | -9/Mines | A weapon hastily lodged in a ceiling crevice suddenly fell to the ground 2674 | -9/Mines | Learned 4 Materials zone layouts 2865 | -9/Mines | Discovered new exit (range 8) 2866 | -9/Mines | A Derelict revealed a hidden shortcut to a safe place 3130 | -9/Mines | Entered Exiles 3184 | -9/Exiles | Met 8R-AWN 3213 | -9/Exiles | Met EX-HEX 3270 | -9/Exiles | Met EX-BIN 3297 | -9/Exiles | Met EX-DEC 3632 | -9/Exiles | Discovered new exit (range 12) 3652 | -9/Exiles | Entered Mines 4747 | -8/Mines | Discovered new exit (range 8) 4765 | -8/Mines | Entered Materials 4765 | -8/Materials | Evolved 2 slots: Utility x2 4766 | -8/Materials | Identified exit to Factory 5032 | -8/Materials | Build established: Scavenger-Mutant 5367 | -8/Materials | Discovered exit to Factory (range 16) 6721 | -8/Materials | Build established: Mutant 7018 | -8/Materials | Identified exit to Garrison 7018 | -8/Materials | Entered Garrison 7028 | -8/Garrison | Installed Relay Interface Framework 7240 | -8/Garrison | Triggered checkpoint 7507 | -8/Garrison | Phase Generator disabled 7514 | -8/Garrison | Discovered new exit (range 14) 7600 | -8/Garrison | Destroyed 8 combat bots 7607 | -8/Garrison | Garrison Relay disabled 7672 | -8/Garrison | Triggered checkpoint 7716 | -8/Garrison | Garrison Relay disabled 7841 | -8/Garrison | Identified exit to Materials 7841 | -8/Garrison | Entered Materials 7871 | -8/Materials | Build established: Hauler-Mutant 8140 | -8/Materials | Repaired Ion Cannon 8594 | -8/Materials | Core integrity fell below 50% 8866 | -8/Materials | Discovered exit to Factory (range 7) 9123 | -8/Materials | Discovered exit to Factory (range 15) 9992 | -8/Materials | Identified exit to Garrison 9996 | -8/Materials | Entered Garrison 10104 | -8/Garrison | Triggered checkpoint 10314 | -8/Garrison | Discovered exit to Factory (range 9) 10709 | -8/Garrison | Discovered exit to Factory (range 11) 10744 | -8/Garrison | Expanded RIF knowledge: Coupler Efficiency 10880 | -8/Garrison | Triggered checkpoint 10939 | -8/Garrison | Discovered exit to Factory (range 15) 10994 | -8/Garrison | Triggered checkpoint 11247 | -8/Garrison | Garrison Relay disabled 11359 | -8/Garrison | Entered Factory 11359 | -7/Factory | Evolved 2 slots: Utility x2 12601 | -7/Factory | Discovered new exit (range 12) 12637 | -7/Factory | Identified exit to Factory 13175 | -7/Factory | Identified exit to Garrison 13175 | -7/Factory | Entered Garrison 13212 | -7/Garrison | Triggered checkpoint 13245 | -7/Garrison | Garrison Relay disabled 13288 | -7/Garrison | Build established: Bothacker-Mutant 13430 | -7/Garrison | Triggered checkpoint 13432 | -7/Garrison | Triggered checkpoint 13680 | -7/Garrison | Triggered checkpoint 13696 | -7/Garrison | Garrison Relay disabled 13735 | -7/Garrison | Discovered new exit (range 13) 13751 | -7/Garrison | Identified exit to Factory 13760 | -7/Garrison | Expanded RIF knowledge: Watcher Feeds 13870 | -7/Garrison | Triggered checkpoint 13943 | -7/Garrison | Garrison Relay disabled 13999 | -7/Garrison | Discovered exit to Factory (range 8) 14165 | -7/Garrison | Entered Factory 14471 | -7/Factory | Discovered new exit (range 15) 14488 | -7/Factory | Identified exit to Lower Caves 14597 | -7/Factory | Discovered exit to Factory (range 5) 14685 | -7/Factory | Discovered exit to Factory (range 154) 14718 | -7/Factory | Discovered exit to Lower Caves (range 24) 14890 | -7/Factory | Identified exit to Garrison 14890 | -7/Factory | Entered Garrison 15098 | -7/Garrison | Triggered checkpoint 15179 | -7/Garrison | Garrison Relay disabled 15656 | -7/Garrison | Discovered exit to Factory (range 9) 15753 | -7/Garrison | Triggered checkpoint 15791 | -7/Garrison | Core integrity fell below 50% 15956 | -7/Garrison | Discovered exit to Factory (range 10) 15975 | -7/Garrison | Expanded RIF knowledge: Autoassimilate 16006 | -7/Garrison | Triggered checkpoint 16030 | -7/Garrison | Garrison Relay disabled 16071 | -7/Garrison | Entered Factory 16071 | -6/Factory | Accompanied by 1 ally 16071 | -6/Factory | Evolved 2 slots: Utility x2 16126 | -6/Factory | Identified exit to Garrison 16130 | -6/Factory | Discovered new exit (range 15) 16282 | -6/Factory | Build established: Botlord-Mutant 16334 | -6/Factory | Sucked down chute 16334 | -6/Factory | Entered Waste 16335 | -6/Waste | 1 allies followed down the chute 16344 | -6/Waste | Spotted C-40 Crusher 16349 | -6/Waste | EMP discharged 16360 | -6/Waste | Spotted C-40 Crusher 16361 | -6/Waste | Spotted C-40 Crusher 16371 | -6/Waste | Spotted C-40 Crusher 16379 | -6/Waste | Spotted C-40 Crusher 16398 | -6/Waste | Spotted C-40 Crusher 16412 | -6/Waste | Discovered new exit (range 10) 16421 | -6/Waste | Identified exit to Factory 16434 | -6/Waste | Entered Factory 16837 | -6/Factory | Identified exit to Garrison 16837 | -6/Factory | Entered Garrison 16945 | -6/Garrison | Garrison Relay disabled 16956 | -6/Garrison | Triggered checkpoint 17010 | -6/Garrison | Lost 3 parts (1n1u1w) 17120 | -6/Garrison | Triggered checkpoint 17320 | -6/Garrison | Triggered checkpoint 17370 | -6/Garrison | Triggered checkpoint 17426 | -6/Garrison | Garrison Relay disabled 17457 | -6/Garrison | Discovered new exit (range 13) 17474 | -6/Garrison | Identified exit to Factory 17576 | -6/Garrison | Triggered checkpoint 17627 | -6/Garrison | Garrison Relay disabled 17680 | -6/Garrison | Discovered exit to Factory (range 10) 17813 | -6/Garrison | Discovered exit to Factory (range 10) 17830 | -6/Garrison | Expanded RIF knowledge: Zone Cloak 17872 | -6/Garrison | Triggered checkpoint 17892 | -6/Garrison | Garrison Relay disabled 17973 | -6/Garrison | Entered Factory 17973 | -5/Factory | Accompanied by 5 allies 17973 | -5/Factory | Evolved 2 slots: Utility x2 18294 | -5/Factory | Discovered new exit (range 42) 18475 | -5/Factory | P-70 Sage assimilated allied Guardian 5c 18521 | -5/Factory | Spotted B-75 Beast 18526 | -5/Factory | Identified exit to Garrison 18526 | -5/Factory | Entered Garrison 18677 | -5/Garrison | Discovered new exit (range 13) 18692 | -5/Garrison | Identified exit to Factory 18784 | -5/Garrison | Discovered exit to Factory (range 22) 18821 | -5/Garrison | Expanded RIF knowledge: Patrol Navigation 18954 | -5/Garrison | Triggered checkpoint 19006 | -5/Garrison | Garrison Relay disabled 19092 | -5/Garrison | Triggered checkpoint 19124 | -5/Garrison | Garrison Relay disabled 19186 | -5/Garrison | Triggered checkpoint 19242 | -5/Garrison | Spotted B-75 Beast 19341 | -5/Garrison | Discovered exit to Factory (range 19) 19346 | -5/Garrison | Triggered checkpoint 19374 | -5/Garrison | Garrison Relay disabled 19420 | -5/Garrison | Found Antimissile System 19902 | -5/Garrison | Triggered checkpoint 19935 | -5/Garrison | Garrison Relay disabled 20092 | -5/Garrison | Entered Factory 20092 | -4/Factory | Accompanied by 1 ally 20092 | -4/Factory | Evolved 2 slots: Utility x2 20317 | -4/Factory | Discovered new exit (range 9) 20326 | -4/Factory | Identified exit to Upper Caves 20606 | -4/Factory | Identified exit to Garrison 20622 | -4/Factory | Entered Garrison 20650 | -4/Garrison | Triggered checkpoint 20684 | -4/Garrison | Garrison Relay disabled 20742 | -4/Garrison | Spotted B-86 Titan 20785 | -4/Garrison | Build established: Botlord-Assassin 20820 | -4/Garrison | Triggered checkpoint 20880 | -4/Garrison | P-70 Sage assimilated allied Sentinel 7a 21111 | -4/Garrison | Build established: Botlord-Mutant 21331 | -4/Garrison | Lost 3 parts (1n1u1w) 21349 | -4/Garrison | Triggered checkpoint 21378 | -4/Garrison | Garrison Relay disabled 21404 | -4/Garrison | Discovered new exit (range 20) 21429 | -4/Garrison | Identified exit to Factory 21438 | -4/Garrison | Expanded RIF knowledge: Signal Jamming 21570 | -4/Garrison | Triggered checkpoint 21674 | -4/Garrison | Garrison Relay disabled 21729 | -4/Garrison | Discovered exit to Factory (range 12) 21784 | -4/Garrison | Triggered checkpoint 21890 | -4/Garrison | Triggered checkpoint 21916 | -4/Garrison | Garrison Relay disabled 22002 | -4/Garrison | Discovered exit to Factory (range 13) 22150 | -4/Garrison | Entered Factory 22150 | -4/Factory | Accompanied by 4 allies 22538 | -4/Factory | P-70 Sage assimilated allied Smith 7a 22696 | -4/Factory | Garrison activated, responded to threat 22738 | -4/Factory | Identified exit to Garrison 22814 | -4/Factory | Entered Garrison 22814 | -4/Garrison | Accompanied by 3 allies 22820 | -4/Garrison | Expanded RIF knowledge: Crosswire 22858 | -4/Garrison | Triggered checkpoint 22886 | -4/Garrison | Garrison Relay disabled 22944 | -4/Garrison | Triggered checkpoint 23082 | -4/Garrison | Discovered new exit (range 9) 23112 | -4/Garrison | Triggered checkpoint 23174 | -4/Garrison | Garrison Relay disabled 23218 | -4/Garrison | Identified exit to Research 23379 | -4/Garrison | Triggered checkpoint 23568 | -4/Garrison | Triggered checkpoint 23602 | -4/Garrison | Garrison Relay disabled 23636 | -4/Garrison | Discovered exit to Research (range 12) 23708 | -4/Garrison | Triggered checkpoint 23708 | -4/Garrison | Build established: Scavenger-Skirmisher 23808 | -4/Garrison | Triggered checkpoint 23825 | -4/Garrison | Garrison Relay disabled 23977 | -4/Garrison | Entered Research 23977 | -3/Research | Accompanied by 4 allies 23977 | -3/Research | Evolved 2 slots: Utility x2 24107 | -3/Research | Fabricated Remote Datajack (x1) 24361 | -3/Research | P-80 Master assimilated allied Veteran 8b 24440 | -3/Research | Build established: Botlord-Mutant 24522 | -3/Research | Spotted B-86 Titan 24743 | -3/Research | Core integrity fell below 50% 24743 | -3/Research | System corruption reached 10% 24755 | -3/Research | Core integrity fell below 20% 24761 | -3/Research | Destroyed by P-80 Master with Gamma Rifle Last Messages --------------- 24756_ Relay Coupler [C] destroyed. 24756_ Slug penetrates Wall. 24756_ Penetrated by Slug. 24756_ Slug penetrates Wall. 24756_ U-05 Engineer lays Concrete. 24756_ Penetrated by Slug. 24757_ U-05 Engineer lays Concrete. 24757_ Slug penetrates Wall. 24757_ Penetrated by Slug. 24757_ U-05 Engineer lays Concrete. 24759_ Relay Coupler [C] destroyed. 24759_ Penetrated by Slug. 24759_ Slug penetrates Wall. 24759_ U-05 Engineer lays Concrete. 24759_ Slug penetrates Wall. 24759_ U-05 Engineer lays Concrete. 24760_ Slug penetrates Wall. 24760_ Slug penetrates Y-72 Warden. 24760_ U-05 Engineer lays Concrete. 24760_ Slug penetrates Wall. Map ----- +----------------------------------------------------+ | ???????????????????# #????????????????????????? | | ???????????????????# #????????????????????????? | | ???????????????????+ #????????????????????????? | | ???????????????????# #????????????????????????? | | ???????????????????# #????????????????????????? | | ???????????????????# #????????????????????????? | | ???????????????????# #????????????????????????? | | ???????????????????#w #????????????????????????? | | ???????????????????# #????????????????????????? | | ???##??##??????????# #????????????????????????? | | ???# ? ??????????# #????????????????????????? | | ???# ??#??????# #????????????????????????? | | ???#"" ######## #?#+#+#####??????????????? | | ?????" # #?# #??????????????? | | ??????? # #?# #??????????????? | | ???????? # #?# ########???????? | | ???????? + #?# ||| # ????????? | | ???????? # ########?# || # #???????? | | ???????? # #????????# || # #???????? | | ############# ########## + #???????? | | # ! #???????? | | = # #???????? | | ! %% * ########???????? | | ! !=%% !*=* #??????????????? | | % % ##########/##/## #??????????????? | | """""""! #?????#!@p| # #??????????????? | | % [ """""""=%=#?????#!Yh! # #??????????????? | | !%[ """""""%[%#?????#!!% u # #??????????????? | | =%= =%*%= ===#?????#!!! # #??????????????? | | %[=== ===#?????#!uu # #??????????????? | | %*%* %!=#?????#!u "" # #??????????????? | | ######+###### =![#?????#!u # #??????????????? | | ??# ## !%#?????# !#?#??????????????? | | ??# ##% #?????# #????????????????? | | ??#! " ## #?????###### ###????????????????? | | ??# "" ## #??????????###??????????????????? | | ??#] S" ##[ =################ ##########?????? | | ??# """ ##%[[%[ ?????? | | ??# """ ##* *= #??????????? | | ??# ## #??????????? | | #?# + #??????????? | | #########+#############+### ########??????????? | | ####!* #?# # #?????????????????? | | %+!* ### #? #?????????????????? | | #####=%! + / #? #?????????????????? | | #! ### ! #?? #?????????????????? | | # ### #??? #?????????????????? | | "" # + += #??? +?????????????????? | | "" # ### #????#?????????????????? | | "" # #?# #??????????????????????? | +----------------------------------------------------+ Best States ------------- Heat Dissipation 64 Energy Generation 18 Energy Capacity 600 Matter Stores 300 Matter Capacity 300 Sight Range 23 Robot Scan Range 20 Terrain Scan Density 10 Jamming Range 8 Armor Coverage 375 Propulsion Shielding 66 Evasion (%) 50 Targeting Accuracy 8 Recoil Reduction 2 Relay Coupler Types 293 Relay Coupler Value 8 Item Schematics ----------------- Datajack | -8/Materials | Hacked Exp. Sensor Array | -4/Factory | Scanalyzed Remote Datajack | -4/Factory | Scanalyzed Robot Schematics ------------------ None Fabricated ------------ Remote Datajack | x1 | -3/Research Alien Tech Used ----------------- None Achievements -------------- Slippery One Challenges ------------ None Game ------ Seed DeepFusionRailgun Manual? 0 Play Time 03:19:36 Cumulative 129.6 hours Start 2021.04.16 @ 21:48:49 End 2021.04.26 @ 00:11:40 Sessions 5 Manual Loads 0 Difficulty Rogue Special Mode Halloween2020/ForbiddenLore Game No. 95 Rogue 95 Adventurer 0 Explorer 0 Win Type - Total 1 Types 1/0/0/0/0/0/0/0/0 Lore% 62 Gallery% 69 Achievement% 56 Wizard Run 0 Options --------- ASCII 0 Keyboard 1 Movement Numpad Keybinds 0 Fullscreen 1 Font 12/Smallcaps Map View 83x54 Tactical HUD 1 Map Filters NONE Filters NONE Steam 1 RUN: 0f98b50c-fb91-44a1-b0fd-4367a5ad1337